 Dungeon Crawl Stone Soup version 0.30.0-5-g1a98f26d00 (webtiles) character file.

Game seed: 14768844056528055603

283 Charmandara the Firebug (level 6, 0/70 HPs)
             Began as a Human Cinder Acolyte on May 10, 2023.
             Was a High Priest of Ignis.
             Slain by Pikel
             ... wielding a +2 whip of freezing
              (4 damage)
             ... on level 4 of the Dungeon.
             The game lasted 00:08:31 (2759 turns).

Charmandara the Firebug (Human Cinder Acolyte)      Turns: 2759, Time: 00:08:32

Health: 0/70       AC:  5    Str: 18 (19) XL:     6   Next: 54%
Magic:  11/11      EV: 11    Int: 13 (16) God:    Ignis [*****.]
Gold:   189        SH:  0    Dex:  9 (11) Spells: 10/12 levels left

rFire   + + .        g - +5 rapier (venom)
rCold   . . .        (no shield)
rNeg    . . .        b - +0 robe
rPois   +            (no helmet)
rElec   .            (no cloak)
rCorr   +            o - +2 pair of gloves "Wiapp" {Str+4}
SInv    .            (no boots)
Will    .....        f - amulet of magic regeneration Stlth
                     d - ring of resist corrosion
HPRegen 0.31/turn    s - ring "Engis" {Drain rPois rF+ Dex+3}
MPRegen 0.52/turn

%: no passive effects
@: berserking, very quick
A: no striking features
a: Renounce Religion, Fiery Armour, Foxfire Swarm, Rising Flame


You were on level 4 of the Dungeon.
You worshipped Ignis.
Ignis was extremely pleased with you.
You visited 1 branch of the dungeon, and saw 4 of its levels.

You collected 189 gold pieces.

Inventory:

Hand Weapons
 a - a -1 spear of flaming
 e - a +2 dagger of venom
 g - a +5 rapier of venom (weapon)
Armour
 b - a +0 robe (worn)
 k - a +0 ring mail
 o - the +2 pair of gloves "Wiapp" (worn) {Str+4}
   (You found it on level 2 of the Dungeon)

   Str:       It affects your strength (+4).
 t - a +1 buckler
Jewellery
 d - a ring of resist corrosion (left hand)
 f - an amulet of magic regeneration (around neck)
 n - a ring of positive energy
 s - the ring "Engis" (right hand) {Drain rPois rF+ Dex+3}
   (You acquired it on level 3 of the Dungeon)

   [ring of poison resistance]

   Dex:       It affects your dexterity (+3).
   rF:        It protects you from fire.
   rPois:     It protects you from poison.
   Drain:     It drains your maximum health when unequipped.
 w - a ring of protection from cold
Scrolls
 c - 2 scrolls of magic mapping
Potions
 h - 3 potions of curing
 i - a potion of mutation
 j - 3 potions of flight
 l - a potion of haste


   Skills:
 - Level 3.0 Fighting
 - Level 3.4 Polearms
 + Level 3.8 Spellcasting
 + Level 5.1 Fire Magic


You had 10 spell levels left.
You knew the following spells:

 Your Spells              Type           Power      Damage    Failure   Level
a - Scorch                Fire           30%        2d6       3%          2

Your spell library contained the following spells:

 Spells                   Type           Power      Damage    Failure   Level
 Freeze                   Ice            8%         1d3       22%         1
 Frozen Ramparts          Ice            4%         1d1       54%         3
 Hailstorm                Conj/Ice       2%         3d3       54%         3


Dungeon Overview and Level Annotations

Branches:
Dungeon (4/15)
 Temple: D:4-7

Altars:
Cheibriados
Qazlal
Trog
Wu Jian
Zin

Shops:
D:4 *

Annotations:
D:4 Pikel


Message History

As you read the scroll labelled OZECUMOUME, it crumbles to dust.
It was a scroll of poison.
Pikel barely misses you.
As you read the scroll labelled ULOUSUINUR, it crumbles to dust.
It is a scroll of enchant weapon.
Your +4 rapier of venom glows red for a moment.
Pikel hits you but does no damage.
As you read the scroll labelled EVOAG TIMAGOET, it crumbles to dust.
Your body is wracked with pain!
Pikel convulses!
It was a scroll of torment.
Pikel hits you with a +2 whip of freezing.
Pikel freezes you.
It was a potion of degeneration.
There was something very wrong with that liquid.
You feel weakened.
You feel dopey.
You feel clumsy.
Pikel hits you with a +2 whip of freezing!
* * * LOW HITPOINT WARNING * * *
Pikel freezes you.
* * * LOW HITPOINT WARNING * * *
You feel better.
Pikel hits you with a +2 whip of freezing!
* * * LOW HITPOINT WARNING * * *
Pikel freezes you.
* * * LOW HITPOINT WARNING * * *
You feel better. Pikel closely misses you.
It was a potion of berserk rage.
A red film seems to cover your vision as you go berserk!
You feel yourself moving faster!
You feel mighty!
Pikel hits you with a +2 whip of freezing.
* * * LOW HITPOINT WARNING * * *
Pikel freezes you.
* * * LOW HITPOINT WARNING * * *
Unknown command.
You puncture Pikel!
Pikel looks as sick as possible!
Pikel is almost dead.
Pikel closely misses you.
You barely miss Pikel.
Pikel is almost dead.
Pikel hits you with a +2 whip of freezing!
* * * LOW HITPOINT WARNING * * *
Pikel freezes you.
You die...

##)#♣...♣####..#
#..#..§♣♣ #○§#
#..##♣♣§ #§§#
#..###### #☼§#
##......## #§§#
##........# #§§#
##.........# #○§#
#..###.....# ##§#
..## ##....# #@#
.## ###..# ###K##
. ## ##.###.555#
... #
###..○§§5###.....
#####
#...§☼§#§○.......
###...##
#+#######§☼.$....
#......#
.○§......
.......#
#.§§§.....
.......#
..........


You could see Pikel (extremely poisoned) and 4 lemures.

Vanquished Creatures
  2 ogres (D:4)
  Robin (D:2)
  2 adders
  An ufetubus (D:4)
  A dart slug (D:1)
  5 orcs (D:3)
  3 endoplasms
  2 giant cockroaches (D:1)
  15 goblins
  8 hobgoblins
  6 jackals (D:1)
  3 quokkas
  8 ball pythons
  2 bats (D:1)
  2 kobolds
  10 rats
71 creatures vanquished.

Notes
Turn   | Place    | Note
-------+----------+-------------------------------------------
     0 | D:1      | Charmandara the Human Cinder Acolyte began the quest for
                  | the Orb.
     0 | D:1      | Reached XP level 1. HP: 18/18 MP: 2/2
   113 | D:1      | Reached XP level 2. HP: 21/24 MP: 3/3
   134 | D:1      | Learned a level 2 spell: Scorch
   365 | D:1      | Reached XP level 3. HP: 29/29 MP: 1/5
   953 | D:2      | Identified the +1 helmet of Leaves {*Slow rN+ rCorr}
   953 | D:2      | Noticed Robin
  1084 | D:2      | Killed Robin
  1085 | D:2      | Reached XP level 4. HP: 31/35 MP: 2/7
  1257 | D:2      | Identified the +2 pair of gloves "Wiapp" {Str+4}
  1754 | D:3      | Reached skill level 4 in Fire Magic
  1963 | D:3      | Reached XP level 5. HP: 36/41 MP: 5/8
  1983 | D:3      | Identified 2 scrolls of acquirement
  1983 | D:3      | Acquired the ring "Engis" {Drain rPois rF+ Dex+3}
  1986 | D:3      | Acquired a +4 rapier of venom
  2226 | D:3      | Found a glowing silver altar of Zin.
  2314 | D:3      | Found an ornate altar of the Wu Jian Council.
  2317 | D:3      | Found a bloodstained altar of Trog.
  2317 | D:3      | Found a stormy altar of Qazlal.
  2324 | D:3      | Found a snail-covered altar of Cheibriados.
  2378 | D:4      | Noticed an ogre
  2383 | D:4      | Killed an ogre
  2465 | D:4      | Reached XP level 6. HP: 47/47 MP: 9/11
  2468 | D:4      | Noticed an ogre
  2477 | D:4      | Killed an ogre
  2478 | D:4      | Reached skill level 5 in Fire Magic
  2707 | D:4      | Found Moanaco's Fire Supplies.
  2740 | D:4      | Noticed Pikel
  2759 | D:4      | Slain by Pikel

Illustrated notes

Levels and vault maps discovered:
D:1:      nzn_arrival_depleted_hourglass, layout_basic
D:2:      layout_rooms, uniq_robin
D:3:      layout_loops_cross, nicolae_overflow_hallway_of_the_gods
D:4:      layout_cave_pods, gammafunk_temple_overflow_statue,
          mainiacjoe_overflow_small_starburst, nicolae_shop_fire_sale
          [nicolae_sub_dead_trees], nicolae_shop_sticking_my_neck_out,
          uniq_pikel

Skill      XL: |  1  2  3  4  5  6 |
---------------+-------------------+-----
Spellcasting   | 2 3 |  3.8
Fire Magic     | 4 5 |  5.1
Fighting       | |  3.0
Polearms       | |  3.4

Action                     |  1- 3 |  4- 6 || total
---------------------------+-------+-------++-------
  Melee: Spear             |     8 |       ||     8
         Dagger            |    34 |    33 ||    67
         Punch             |     2 |       ||     2
         Rapier            |       |    12 ||    12
   Cast: Scorch            |    21 |    27 ||    48
    Use: Scroll            |       |    11 ||    11
         Potion            |       |     4 ||     4
 Armour: Robe              |    13 |     9 ||    22
  Dodge: Dodged            |    24 |    26 ||    50
